 Dungeon Crawl Stone Soup version 0.30-a0-696-g2367cd04db (webtiles) character file.

Game seed: 17765263892492982512

51 domi the Conjurer (level 3, 0/9 (18) HPs)
             Began as a Vine Stalker Reaver on Jan 20, 2023.
             Slain by a worm (6 damage)
             ... on level 2 of the Dungeon.
             The game lasted 00:02:43 (937 turns).

domi the Conjurer (Vine Stalker Reaver)              Turns: 937, Time: 00:02:43

HP:   0/9 (18)      AC:  3    Str: 14    XL:     3   Next: 83%
MP:   0/7           EV: 11    Int: 15    God:
Gold: 128           SH:  0    Dex: 12    Spells: 5/6 levels left

rFire   . . .      SeeInvis .    a - +0 falchion
rCold   . . .      Faith    .    (no shield)
rNeg    . . .      Spirit   +    b - +0 leather armour
rPois   .          Reflect  .    (no helmet)
rElec   .          Harm     .    (no cloak)
rCorr   .          Rampage  .    (no gloves)
Will    .....                    (no boots)
Stlth   +                        (no amulet)
HPRegen 0.21/turn                (no ring)
MPRegen 0.10/turn                (no ring)

@: extremely drained
A: fangs 2, magic shield, antimagic bite, no potion heal 2
a: no special abilities


You were on level 2 of the Dungeon.
You visited 1 branch of the dungeon, and saw 2 of its levels.

You collected 128 gold pieces.

Inventory:

Hand Weapons
 a - a +0 falchion (weapon)
 c - a +0 vampiric dagger {!w}
   (You took it off a goblin on level 2 of the Dungeon)
Missiles
 d - 2 silver javelins (quivered)
Armour
 b - a +0 leather armour (worn)
Jewellery
 e - a +6 ring of dexterity
   (You found it on level 2 of the Dungeon)
Scrolls
 g - a scroll of magic mapping {unknown}
 h - a scroll of amnesia {unknown}
 i - a scroll of noise {unknown}
Potions
 f - 2 potions of flight


   Skills:
 - Level 1.7 Fighting
 + Level 3.2 Long Blades
 - Level 1.5 Dodging
 - Level 2.1 Spellcasting
 * Level 4.2 Conjurations


You had 5 spell levels left.
You knew the following spells:

 Your Spells              Type           Power      Damage    Failure   Level
y - Kiss of Death         Conj/Necr      28%        2d7       12%         1

Your spell library contained the following spells:

 Spells                   Type           Power      Damage    Failure   Level
 Momentum Strike          Conj/Tloc      14%        3d8       19%         2
 Hailstorm                Conj/Ice       7%         3d4       34%         3


Dungeon Overview and Level Annotations

Branches:
Dungeon (2/15)

Altars:


Innate Abilities, Weirdness & Mutations

You have extremely sharp teeth.
When hurt, damage is shared between your health and your magic reserves.
Your bite disrupts and absorbs the magic of your enemies.
Potions cannot restore your health.


Message History

You take 2 damage, and have 1/16 hp.
You now have 0/7 mp.
It was a potion of flight.
You feel very buoyant.
You fly up into the air.
The giant cockroach barely misses you.
It was a potion of magic.
Magic courses through your body. The giant cockroach barely misses you.
The goblin misses you. The giant cockroach bites you.
You regained 6 mp, and now have 6/7 mp.
It was a potion of heal wounds.
That seemed strangely inert.
The giant cockroach barely misses you. The goblin misses you.
The goblin attacks as you move away! The goblin hits you but does no damage.
Found a stone staircase leading down.
The goblin attacks as you move away!
The goblin hits you with a +0 vampiric dagger.
The giant cockroach bites you but does no damage.
You hit the giant cockroach. The giant cockroach bites you.
* * * LOW HITPOINT WARNING * * *
You take 1 damage, and have 2/16 hp.
You hit the giant cockroach.
You kill the giant cockroach!
You slash the rat!
You kill the rat!
You hit the frilled lizard.
You kill the frilled lizard!
You slash the frilled lizard!
You kill the frilled lizard!
The goblin hits you with a +0 vampiric dagger.
* * * LOW HITPOINT WARNING * * *
You take 1 damage, and have 2/17 hp.
You now have 5/7 mp.
Aim: a goblin, wielding a +0 vampiric dagger (100% to hit)
You miscast Kiss of Death.
You are very lightly contaminated with residual magic.
Nothing appears to happen.
The goblin hits you with a +0 vampiric dagger.
* * * LOW HITPOINT WARNING * * *
You take 1 damage, and have 1/17 hp.
You now have 3/7 mp.
Aim: a goblin, wielding a +0 vampiric dagger (100% to hit)
You miscast Kiss of Death.
Nothing appears to happen.
The goblin barely misses you.
You now have 2/7 mp.
Aim: a goblin, wielding a +0 vampiric dagger (100% to hit)
The negative energy hits the goblin!
The goblin is drained!
You kill the goblin!
You feel drained.
Aim: a hobgoblin (100% to hit)
The negative energy hits the hobgoblin!
The hobgoblin is drained!
You kill the hobgoblin!
You feel drained.
You now have 1/7 mp.
You start resting.
Your magical contamination has completely faded away.
You regained 2 hp, and now have 4/9 hp.
You start resting.
You are starting to lose your buoyancy.
You start resting.
You float gracefully downwards.
Unknown command.
You start resting.
A frilled lizard comes into view.
Health restored: 9 You regained 2 mp, and now have 4/7 mp.
Unknown command.
The frilled lizard hisses angrily.
The frilled lizard bites you.
You now have 3/7 mp.
You closely miss the frilled lizard. You bite the frilled lizard.
You kill the frilled lizard!
Items here: ) ††††.
c - a +0 vampiric dagger {!w} You start resting.
MP restored: 7 You now have 100 gold pieces (gained 14).
e - a +6 ring of dexterity You now have 119 gold pieces (gained 19).
You now have 128 gold pieces (gained 9).
You see here a wand of flame (27).
i - a scroll labelled YCESU AGYSCH
Found a stone staircase leading up.
You see here 4 stones.
f - 2 potions of flight (gained 1)
A worm comes into view.
A worm is nearby!
A worm is nearby!
You barely miss the worm. You slash the worm! You bite the worm.
You drain its power. The worm bites you.
You take 2 damage, and have 7/9 hp.
MASSIVE DAMAGE!!
You now have 5/7 mp.
You barely miss the worm. The worm barely misses you.
You hit the worm but do no damage. You hit the worm.
The worm barely misses you.
You barely miss the worm. You bite the worm, but do no damage.
The worm bites you.
You take 3 damage, and have 5/9 hp.
MASSIVE DAMAGE!!
You now have 3/7 mp.
You hit the worm. You bite the worm, but do no damage. You hit the worm.
You bite the worm, but do no damage. The worm bites you!
Ouch! That really hurt!
You die...

### ########.######
..............##
.............###
#.............. #..
#.............. ######.#
#......$.......
.......###..............
#.~~...##.......@w......
#..~~~...........(....##
...~~.~.................
.........#............## ....
........##.............. ....
......................## .....
.........#...........### .....
.........#..<##.....##........
............†##........#......


You could see a worm.

Vanquished Creatures
  An adder (D:2)
  4 ball pythons (D:1)
  4 endoplasms (D:1)
  3 giant cockroaches
  5 goblins
  5 hobgoblins
  3 jackals (D:1)
  A kobold (D:1)
  A quokka (D:1)
  A bat (D:1)
  5 frilled lizards
  4 rats
37 creatures vanquished.

Notes
Turn   | Place    | Note
-------+----------+-------------------------------------------
     0 | D:1      | domi the Vine Stalker Reaver began the quest for the Orb.
     0 | D:1      | Reached XP level 1. HP: 11/11 MP: 4/4
   182 | D:1      | Reached XP level 2. HP: 14/15 MP: 6/6
   302 | D:1      | Reached skill level 3 in Long Blades
   403 | D:1      | Reached XP level 3. HP: 16/18 MP: 7/7
   730 | D:2      | Reached skill level 4 in Conjurations
   743 | D:2      | HP: 4/16 [frilled lizard (1)]
   746 | D:2      | HP: 1/16 [frilled lizard (2)]
   755 | D:2      | HP: 2/16 [giant cockroach (1)]
   760 | D:2      | HP: 1/17 [goblin/+0 vampiric dagger (1)]
   937 | D:2      | Slain by a worm

Illustrated notes

Levels and vault maps discovered:
D:1:      erik_arrival_triangle_large, layout_rooms, minmay_pentomino_q2
D:2:      layout_rooms, serial_rivers, chequers_serial_rivers_micro_b,
          chequers_serial_rivers_micro_b, chequers_serial_rivers_micro_c,
          chequers_serial_rivers_micro_d, chequers_serial_rivers_small_a

Skill      XL: |  1  2  3 |
---------------+----------+-----
Long Blades    | 3 |  3.2
Conjurations   | 4 |  4.2
Fighting       | |  1.7
Dodging        | |  1.5
Spellcasting   | |  2.1

Action                   || total
-------------------------++-------
Melee: Falchion          ||    99
       Bite              ||    23
 Cast: Kiss of Death     ||     3
  Use: Potion            ||     3
Armor: Leather armour    ||    41
Dodge: Dodged            ||    86

Table legend: (Time is in decaauts)
 A = Elapsed time spent in this place.
 B = Non-inter-level travel time spent in this place.
 C = Inter-level travel time spent in this place.
 D = Time resting spent in this place.
 E = Time spent auto-exploring this place.
 F = Levels seen in this place.
 G = Mean time per level.
                   A        B        C        D        E       F      G
               +--------+--------+--------+--------+--------+-----+--------+
         Total |    951 |    935 |     16 |    122 |    588 |   2 |  475.5 |
       Dungeon |    951 |    935 |     16 |    122 |    588 |   2 |  475.5 |
               +--------+--------+--------+--------+--------+-----+--------+

Top non-repeatable levels by time:
     D:1: 738 daAuts
     D:2: 213 daAuts

Table legend:
 A = Kills in this place as a percentage of kills in entire the game.
 B = Kills by you in this place as a percentage of kills by you in the entire game.
 C = Kills by friends in this place as a percentage of kills by friends in the entire game.
 D = Other kills in this place as a percentage of other kills in the entire game.
 E = Experience gained in this place as a percentage of experience gained in the entire game.
 F = Experience gained in this place divided by the number of levels of this place that you have seen.
                   A       B       C       D       E      F
               +-------+-------+-------+-------+-------+----------------------
         Total | 100.0 | 100.0 |   N/A |   N/A | 100.0 |  37.0
       Dungeon | 100.0 | 100.0 |   N/A |   N/A | 100.0 |  37.0
               +-------+-------+-------+-------+-------+----------------------
